 Dungeon Crawl Stone Soup version 0.26-a0-1106-g6dfc622489 (webtiles) character file.

Game seed: 17517260772922657682

29474 KristoblXynda the Carver (level 13, -5/113 HPs)
             Began as a White Draconian Gladiator on Dec 16, 2020.
             Was the Champion of Cheibriados.
             Shot with an arrow by a centaur warrior (8 damage)
             ... on level 14 of the Dungeon.
             The game lasted 00:32:01 (19356 turns).

KristoblXynda the Carver (DrGl)                    Turns: 19356, Time: 00:32:01

Health: -5/113     AC: 14    Str: 31    XL:     13   Next: 15%
Magic:  20/20      EV: 24    Int: 29    God:    Cheibriados [******]
Gold:   689        SH:  0    Dex: 28    Spells: 9/12 levels left

rFire    . . .     SeeInvis .   x - +2 scimitar (flame)
rCold    + + .     Faith    .   (no shield)
rNeg     . . .     Spirit   .   (armour unavailable)
rPois    +         Reflect  .   B - +2 hat
rElec    .         Harm     .   C - +2 cloak
rCorr    .         Rampage  .   n - +0 pair of gloves
Will     .....                  (no boots)
Stlth    ++........             (no amulet)
HPRegen  0.28/turn              q - ring of poison resistance
MPRegen  0.17/turn              D - ring of protection from cold

@: about to teleport, very slow
A: breathe frost, unfitting armour, cold resistance 1, cold-blooded, AC +8
a: Breathe Frost, Bend Time, Temporal Distortion, Slouch, Step From Time,
Renounce Religion


You were on level 14 of the Dungeon.
You worshipped Cheibriados.
Cheibriados was exalted by your worship.
You visited 2 branches of the dungeon, and saw 15 of its levels.
You also visited: Bailey.

You collected 821 gold pieces.
You spent 132 gold pieces at shops.

Inventory:

Hand Weapons
 a - a +1 long sword of freezing
 x - a +2 scimitar of flaming (weapon)
Missiles
 c - 2 throwing nets (quivered)
Armour
 l - a +1 kite shield of protection
 n - a +0 pair of gloves (worn)
 B - a +2 hat (worn)
 C - a +2 cloak (worn)
Jewellery
 q - a ring of poison resistance (left hand)
 r - an uncursed ring of resist corrosion
 u - an uncursed ring of wizardry
 A - an uncursed ring of ice
 D - a ring of protection from cold (right hand)
Wands
 b - a wand of digging (17)
 t - a wand of iceblast (5)
 I - a wand of paralysis (8)
Scrolls
 d - 10 scrolls of remove curse
 g - 2 scrolls of enchant armour
 i - a scroll of immolation
 w - 2 scrolls of fear
 y - 2 scrolls of amnesia
Potions
 h - a potion of invisibility
 j - a potion of magic {unknown}
 k - a potion of brilliance
 o - 2 potions of cancellation
 s - 2 potions of flight
 v - 2 potions of lignification
 z - 2 potions of attraction
 G - a potion of mutation {unknown}
Miscellaneous
 m - a phantom mirror (inert)


   Skills:
 - Level 10.0 Fighting
 + Level 13.1 Long Blades
 - Level 2.0 Throwing
 + Level 10.8 Dodging
 + Level 7.1 Air Magic
 + Level 10.0 Invocations


You had 9 spell levels left.
You knew the following spells:

 Your Spells              Type           Power        Failure   Level
a - Mephitic Cloud        Conj/Pois/Air  ##......     12%         3

Your spell library contained the following spells:

 Spells                   Type           Power        Failure   Level
 Poisonous Vapours        Pois/Air       ###...       3%          2
 Magic Dart               Conj           #...         11%         1
 Searing Ray              Conj           #.....       16%         2
 Conjure Flame            Conj/Fire      #.......     30%         3
 Dazzling Flash           Conj/Hex       #.....       30%         3
 Ignite Poison            Fire/Tmut/Pois #.......     30%         3
 Fulminant Prism          Conj/Hex       #.........   71%         4
 Iskenderun's Mystic Bla  Conj/Tloc      #.......     71%         4
 Fireball                 Conj/Fire      #.........   96%         5
 Freezing Cloud           Conj/Ice/Air   ##........   99%         6
 Starburst                Conj/Fire      #.........   100%        6
 Ignition                 Fire           #.........   100%        8


Dungeon Overview and Level Annotations

Branches:
Dungeon (14/15)            Temple (1/1) D:4            Lair (0/6) D:9
    Orc (0/2) D:11         Bailey (visited)
 Vaults: D:13-14

Altars:
Ashenzari
Cheibriados
Dithmenos
Elyvilon
Fedhas
Gozag
Hepliaklqana
Kikubaaqudgha
Makhleb
Nemelex Xobeh
Okawaru
Qazlal
Ru
Sif Muna
Trog
Uskayaw
Vehumet
Wu Jian
Xom
Yredelemnul
Zin
The Shining One

Shops:
D:9 *

Annotations:
D:8 1 runed translucent door, Murumi's ghost, novice OgCj
D:13 exclusion: orange crystal statue
D:14 Roxanne


Innate Abilities, Weirdness & Mutations

You can breathe waves of freezing cold.
You can buffet flying creatures when you breathe cold.
Your icy white scales are hard. (AC +8)
You cannot fit into any form of body armour.
Your flesh is cold resistant. (rC+)
You are cold-blooded and may be slowed by cold attacks.


Message History

* * * LOW HITPOINT WARNING * * *
Something barely misses you. Something misses you.
Unknown command.
You slash something! You burn something. Something hits you.
* * * LOW HITPOINT WARNING * * *
Unknown command.
You feel better. Something hits you but does no damage.
The centaur warrior shoots an arrow.
The arrow closely misses you. Something hits you!
* * * LOW HITPOINT WARNING * * *
Something closely misses you.
A troll comes into view.
Unknown command.
Okay, then.
You feel better. Something hits you but does no damage.
The centaur warrior shoots an arrow.
The arrow barely misses you. Something completely misses you.
Unholy energy fills the air.
* * * LOW HITPOINT WARNING * * *
The centaur warrior shoots an arrow.
The arrow hits you!
You die...

...8.................
.................T....
...................e...
...................c....
...................c....
...................)....
........................
................@{......
.............#####...###
.............# ..+
.............# .#
.............# #
.............#
#............#
#.)...)......#
#))..........#


You could see a centaur warrior, a deep elf mage, a troll and a centaur.

Vanquished Creatures
  Azrael (D:13)
  Erolcha (D:12)
  Josephine (D:13)
  A boulder beetle (D:12)
  A centaur warrior (D:13)
  4 two-headed ogres
  Pikel (D:6)
  3 ugly things
  A deep elf mage (D:14)
  2 manticores
  2 cyclopes (D:14)
  An ice statue (D:13)
  2 centaur zombies
  2 komodo dragons
  A hornet (D:8)
  8 slime creatures (D:12)
  2 shadows (D:13)
  A wyvern (D:8)
  7 wraiths
  5 fire elementals (D:13)
  24 yaks
  A steam dragon (D:7)
  A human (D:11)
  2 wargs (D:11)
  A harpy simulacrum (D:13)
  3 hell hounds (D:13)
  3 water moccasins (D:9)
  3 ice beasts
  10 orc warriors
  2 black bears
  4 sky beasts
  4 phantoms
  An eye of draining (D:13)
  A necrophage (D:7)
  3 ogres
  8 centaurs
  4 big kobolds
  A lemure (D:6)
  13 bullfrogs
  5 scorpions
  A water moccasin skeleton (D:4)
  23 killer bees
  6 howler monkeys
  A quasit (D:11)
  A bullfrog zombie (D:10)
  6 hounds
  2 centaur skeletons
  3 jellies
  2 bullfrog skeletons
  7 orc priests
  13 orc wizards
  Crazy Yiuf (D:3)
  Jessica (D:2)
  4 iguanas
  16 worker ants
  Robin (D:2)
  3 hound skeletons
  A howler monkey zombie (D:6)
  A worker ant zombie (D:8)
  2 gnolls (Bailey)
  4 howler monkey skeletons
  15 adders
  3 white imps
  2 ufetubi
  3 adder skeletons
  An adder zombie (D:5)
  4 worms
  2 dart slugs (D:2)
  4 leopard geckos
  63 orcs
  6 bats
  9 giant cockroaches
  15 hobgoblins
  14 jackals
  42 kobolds
  6 quokkas
  2 ball pythons
  4 frilled lizards
  16 goblins
  2 jackal skeletons
  A quokka skeleton (D:9)
  19 rats
  A spectral orc (D:3)
474 creatures vanquished.

Vanquished Creatures (collateral kills)
  Jorgrun (D:14)
1 creature vanquished.

Vanquished Creatures (others)
  A sky beast (D:7)
  47 fungi
  50 plants (D:9)
98 creatures vanquished.

Grand Total: 573 creatures vanquished

Notes
Turn   | Place    | Note
-------+----------+-------------------------------------------
     0 | D:1      | KristoblXynda the Draconian Gladiator began the quest for
                  | the Orb.
     0 | D:1      | Reached XP level 1. HP: 17/17 MP: 1/1
     1 | D:1      | Noticed a formicid
     6 | D:1      | Noticed a troll
     8 | D:1      | Noticed a felid
    10 | D:1      | Noticed a spriggan
    12 | D:1      | Noticed a troll
    12 | D:1      | Noticed a dwarf
    18 | D:1      | Noticed a formicid
    18 | D:1      | Noticed an elf
   185 | D:1      | Reached XP level 2. HP: 25/25 MP: 2/2
   977 | D:2      | Reached XP level 3. HP: 30/30 MP: 3/3
  1108 | D:2      | Noticed Robin
  1313 | D:2      | Killed Robin
  1634 | D:2      | Reached skill level 4 in Long Blades
  1634 | D:2      | Reached XP level 4. HP: 35/38 MP: 4/4
  2004 | D:2      | Noticed Jessica
  2014 | D:2      | Killed Jessica
  2231 | D:2      | Reached XP level 5. HP: 45/45 MP: 5/5
  2917 | D:3      | You fall into a shaft and drop 3 floors!
  2963 | D:6      | Noticed a lemure
  2997 | D:6      | Killed a lemure
  3176 | D:6      | Reached skill level 5 in Long Blades
  3223 | D:6      | Noticed Pikel
  3223 | D:6      | Noticed a lemure
  3230 | D:6      | Noticed a lemure
  3233 | D:6      | Noticed a lemure
  3246 | D:6      | Killed Pikel
  3247 | D:6      | Reached skill level 6 in Long Blades
  3247 | D:6      | Reached XP level 6. HP: 36/55 MP: 6/6
  3247 | D:6      | Your scales start taking on an icy white colour.
  3247 | D:6      | Reached XP level 7. HP: 40/60 MP: 7/7
  3247 | D:6      | Gained mutation: Your flesh is cold resistant. (rC+) [White
                  | Draconian growth]
  3387 | D:6      | Reached skill level 5 in Fighting
  3648 | D:6      | Reached skill level 7 in Long Blades
  3859 | D:6      | Reached skill level 5 in Dodging
  3859 | D:6      | Reached XP level 8. HP: 55/69 MP: 8/8
  4187 | D:5      | Entered Level 5 of the Dungeon
  4286 | D:5      | Found a shadowy altar of Dithmenos.
  5071 | D:5      | Reached skill level 8 in Long Blades
  5564 | D:4      | Found a staircase to the Ecumenical Temple.
  5664 | Temple   | Entered the Ecumenical Temple
  6427 | D:4      | Reached XP level 9. HP: 75/78 MP: 9/9
  6435 | D:4      | Reached skill level 9 in Long Blades
  6616 | D:3      | Found a basalt altar of Yredelemnul.
  7207 | D:3      | Found a runed translucent door.
  7208 | D:3      | Noticed Crazy Yiuf
  7218 | D:3      | Killed Crazy Yiuf
  7294 | Temple   | Became a worshipper of Cheibriados the Contemplative
  7777 | D:7      | Reached * piety under Cheibriados
  8269 | D:7      | Reached skill level 10 in Long Blades
  8533 | D:8      | Reached skill level 1 in Invocations
  8548 | D:8      | Learned a level 3 spell: Mephitic Cloud
  8949 | D:8      | Reached ** piety under Cheibriados
  9051 | D:8      | Found a runed translucent door.
  9051 | D:8      | Noticed Murumi's ghost (novice OgCj)
  9100 | D:8      | Noticed a moth of wrath
  9104 | D:8      | Found a bloodstained altar of Trog.
  9250 | D:8      | Reached XP level 10. HP: 86/88 MP: 11/11
  9490 | D:7      | Found an opulent altar of Gozag.
  9490 | D:7      | Found a broken altar of Ashenzari.
  9800 | D:9      | Reached *** piety under Cheibriados
  9809 | D:9      | Found Hecauch's Assorted Antiques.
  9817 | D:9      | Bought a scroll labelled AQUENLU KYUQE for 22 gold pieces
  9817 | D:9      | Bought a glowing bronze amulet for 110 gold pieces
 10600 | D:9      | Found a staircase to the Lair.
 10714 | D:9      | Reached skill level 11 in Long Blades
 10718 | D:9      | Reached skill level 5 in Invocations
 11622 | D:9      | Found a shimmering blue altar of Sif Muna.
 11925 | D:10     | Entered Level 10 of the Dungeon
 11938 | D:10     | Noticed a two-headed ogre
 11943 | D:10     | Killed a two-headed ogre
 11944 | D:10     | Reached XP level 11. HP: 95/99 MP: 13/15
 11981 | D:10     | Found a flagged portal.
 11991 | Bailey   | Entered a bailey
 12032 | Bailey   | Reached **** piety under Cheibriados
 13365 | D:11     | Found a staircase to the Orcish Mines.
 13380 | D:11     | Reached ***** piety under Cheibriados
 13816 | D:11     | Reached skill level 10 in Fighting
 13881 | D:11     | Identified the +6 trident "Uloypto" {flame, Str+2}
 14255 | D:11     | Reached skill level 1 in Air Magic
 14748 | D:12     | Noticed a purple ugly thing
 14759 | D:12     | Killed a purple ugly thing
 14868 | D:12     | Noticed a green ugly thing
 14879 | D:12     | Killed a green ugly thing
 15157 | D:12     | Noticed a two-headed ogre
 15166 | D:12     | Killed a two-headed ogre
 15476 | D:12     | Noticed a two-headed ogre
 15490 | D:12     | Killed a two-headed ogre
 15490 | D:12     | Reached ****** piety under Cheibriados
 15491 | D:12     | Reached skill level 12 in Long Blades
 15672 | D:12     | Noticed Erolcha
 15672 | D:12     | Noticed a two-headed ogre
 15672 | D:12     | Noticed a boulder beetle
 15710 | D:12     | Killed a two-headed ogre
 15727 | D:12     | Killed Erolcha
 15728 | D:12     | Reached XP level 12. HP: 49/106 MP: 17/17
 15847 | D:12     | Killed a boulder beetle
 16413 | D:12     | Reached skill level 5 in Air Magic
 17104 | D:13     | Reached skill level 10 in Dodging
 17115 | D:13     | Noticed a centaur warrior
 17124 | D:13     | Killed a centaur warrior
 17189 | D:13     | HP: 2/106 [manticore (10)]
 17981 | D:13     | Noticed Azrael
 18004 | D:13     | Killed Azrael
 18579 | D:13     | Noticed Josephine
 18590 | D:13     | Killed Josephine
 18748 | D:13     | Reached skill level 13 in Long Blades
 18983 | D:14     | Reached XP level 13. HP: 63/113 MP: 20/20
 19294 | D:14     | Noticed Jorgrun
 19303 | D:14     | Killed Jorgrun
 19304 | D:14     | Reached skill level 10 in Invocations
 19329 | D:14     | Identified Roxanne's Guide on Stones
 19329 | D:14     | Noticed Roxanne
 19356 | D:14     | HP: 3/113 [something/vampiric draining (10)]
 19356 | D:14     | Shot with an arrow by a centaur warrior

Illustrated notes

Levels and vault maps discovered:
D:1:      shiori_arrival_whats_in_store_for_you, layout_basic
D:2:      layout_loops_ring, minivault_23, uniq_robin, uniq_jessica
D:3:      layout_loops_ring, yredelemnul_forgotten_temple_becter,
          uniq_crazy_yiuf_cottage
D:4:      kennysheep_big_flooded_room, layout_rooms, minmay_temple_entry_glass,
          st_stairs_12
D:5:      layout_basic, grunt_dithmenos_smoke_and_mirrors,
          hangedman_decor_lopped, st_stairs_9
D:6:      layout_basic, uniq_pikel
D:7:      layout_rooms, nicolae_overflow_hidden_temple
D:8:      layout_loops_ring, gammafunk_ghost_grave,
          chequers_serial_rivers_micro_b, tgw_trog
D:9:      kennysheep_orc_sif_temple, layout_gridville,
          due_lair_maze_entry_diamond, serial_shops,
          nicolae_shop_overgrown_old_shop
D:10:     layout_roguey, enter_bailey_2
D:11:     layout_stronghold, erik_orc_4
D:12:     layout_small_grid, uniq_erolcha
D:13:     minmay_separated_statues, layout_loops_ring, gauntlet_entry_generic,
          minivault_27, uniq_josephine, uniq_azrael
D:14:     layout_layer_cave, david_vaults_1, nicolae_blasting_shop,
          kennysheep_kite_vault, uniq_roxanne, uniq_frances, uniq_jorgrun
Temple:   hc_temple_tempest_star

Skill      XL: |  1  2  3  4  5  6  7  8  9 10 11 12 13 |
---------------+----------------------------------------+-----
Throwing       | 2 |  2.0
Dodging        | 3 4 5 6 7 8 9 10 | 10.8
Fighting       | 3 4 5 6 8 9 10 | 10.0
Long Blades    | 4 6 7 8 10 11 12 13 | 13.1
Invocations    | 2 5 7 9 10 | 10.0
Air Magic      | 4 6 7 |  7.1

Action                   |  1- 3 |  4- 6 |  7- 9 | 10-12 | 13-15 || total
-------------------------+-------+-------+-------+-------+-------++-------
Melee: Long sword        |    74 |       |   221 |   725 |       ||  1020
       Tailslap          |    16 |    18 |   132 |   256 |    11 ||   433
       Dagger            |    22 |   128 |   447 |       |       ||   597
       Scimitar          |       |       |       |    49 |    42 ||    91
Throw: Throwing net      |       |       |       |     1 |       ||     1
 Abil: Breathe Frost     |       |       |     3 |    17 |       ||    20
Evoke: Wand              |       |       |       |     9 |       ||     9
       Phantom mirror    |       |       |       |     1 |     1 ||     2
  Use: Scroll            |       |       |    11 |    17 |     3 ||    31
       Potion            |       |       |     4 |    10 |     2 ||    16
 Stab: Sleeping          |     1 |     1 |     6 |     7 |       ||    15
Armor: Skin              |    37 |    32 |   142 |   239 |    32 ||   482
Dodge: Dodged            |    62 |    63 |   425 |  1047 |    51 ||  1648
       Rpst.: Long sword |    16 |       |    46 |   202 |       ||   264
       Scimitar          |       |       |       |     5 |     6 ||    11

Table legend: (Time is in decaauts)
 A = Elapsed time spent in this place.
 B = Non-inter-level travel time spent in this place.
 C = Inter-level travel time spent in this place.
 D = Time resting spent in this place.
 E = Time spent auto-exploring this place.
 F = Levels seen in this place.
 G = Mean time per level.
                   A        B        C        D        E       F      G
               +--------+--------+--------+--------+--------+-----+--------+
         Total |  22408 |  21724 |    684 |   6390 |  10613 |  16 | 1400.5 |
       Dungeon |  21361 |  20732 |    629 |   6032 |  10250 |  14 | 1525.8 |
        Temple |    466 |    411 |     55 |      0 |    363 |   1 |  466.0 |
        Bailey |    580 |    580 |      0 |    357 |      0 |   1 |  580.0 |
               +--------+--------+--------+--------+--------+-----+--------+

Top non-repeatable levels by time:
     D:9: 2894 daAuts
    D:13: 2758 daAuts
    D:12: 2625 daAuts
    D:11: 1968 daAuts
    D:10: 1293 daAuts
     D:8: 1285 daAuts
     D:7: 1284 daAuts
     D:6: 1260 daAuts
     D:3: 1229 daAuts
     D:2: 1211 daAuts
     D:1: 1141 daAuts
     D:5: 1033 daAuts
     D:4: 941 daAuts
  Bailey: 580 daAuts
  Temple: 466 daAuts
